 Dungeon Crawl Stone Soup version 0.26.0-10-g1f06aea511 (webtiles) character file.

Game seed: 4579919768264224629

1066 lastplaneout the Stinger (level 8, 0/46 HPs)
             Began as a Halfling Venom Mage on Jan 14, 2021.
             Slain by a lemure (5 damage)
             ... led by Pikel
             ... on level 5 of the Dungeon.
             The game lasted 00:17:16 (6527 turns).

lastplaneout the Stinger (Halfling Venom Mage)      Turns: 6527, Time: 00:17:16

Health: 0/46       AC:  2    Str:  9    XL:     8   Next: 52%
Magic:  0/10       EV: 15    Int: 15    God:
Gold:   416        SH:  0    Dex: 15    Spells: 1/10 levels left

rFire    . . .     SeeInvis .   h - +3 dagger (venom)
rCold    . . .     Faith    .   (shield restricted)
rNeg     . . .     Spirit   +   a - +0 robe
rPois    .         Reflect  .   (no helmet)
rElec    .         Harm     .   (no cloak)
rCorr    .         Rampage  .   (no gloves)
Will     .....                  (no boots)
Stlth    ++........             o - amulet of guardian spirit
HPRegen  0.15/turn              (no ring)
MPRegen  0.12/turn              (no ring)

@: no status effects
A: small, mutation resistance 1
a: no special abilities


You were on level 5 of the Dungeon.
You visited 1 branch of the dungeon, and saw 6 of its levels.
You also visited: Sewer.

You collected 416 gold pieces.

Inventory:

Hand Weapons
 h - a +3 dagger of venom (weapon)
Armour
 a - a +0 robe (worn)
Jewellery
 o - an amulet of guardian spirit (around neck)
 q - a cursed ring of teleportation {unknown}
Scrolls
 d - 3 scrolls of remove curse
 e - a scroll of teleportation
 f - 2 scrolls of enchant weapon
 n - a scroll of immolation
 p - a scroll of identify
 t - 3 scrolls of blinking {unknown}
Potions
 b - a potion of cancellation {unknown}
 c - a potion of brilliance {unknown}
 g - a potion of haste
 i - 2 potions of magic
 j - a potion of mutation {unknown}
 k - a potion of might {unknown}
 l - 3 potions of curing
 m - a potion of lignification {unknown}
 s - 2 potions of flight {unknown}


   Skills:
 - Level 0.1 Short Blades
 - Level 2.1 Dodging
 - Level 2.1 Stealth
 - Level 1.5 Spellcasting
 + Level 4.3 Transmutations
 + Level 7.6 Poison Magic


You had one spell level left.
You knew the following spells:

 Your Spells              Type           Power        Failure   Level
a - Sting                 Tmut/Pois      76%          1%          1
b - Poisonous Vapours     Pois/Air       24%          8%          2
c - Ignite Poison         Fire/Tmut/Pois 13%          14%         3
d - Mephitic Cloud        Conj/Pois/Air  8%           24%         3

Your spell library contained the following spells:

 Spells                   Type           Power        Failure   Level
 Magic Dart               Conj           4%           24%         1
 Olgreb's Toxic Radiance  Pois           24%          10%         4
 Blink                    Tloc           N/A          34%         2
 Call Imp                 Summ           1%           34%         2
 Slow                     Hex            1%           34%         2
 Conjure Flame            Conj/Fire      1%           56%         3


Dungeon Overview and Level Annotations

Branches:
Dungeon (6/15)              Sewer (visited)
 Temple: D:4-7

Altars:
Hepliaklqana
Nemelex Xobeh
Trog

Annotations:
D:5 Grinder, Pikel


Innate Abilities, Weirdness & Mutations

You are small and have problems with some larger weapons.
You are somewhat resistant to further mutation.


Message History

You are electrocuted!
* * * LOW HITPOINT WARNING * * *
The lemure closely misses you. x2; The lemure barely misses you.
You feel much better. Pikel barely misses you. The lemure barely misses you. x2
The lemure completely misses you.
You hit Pikel.
Pikel looks as sick as possible!
Pikel is severely wounded.
Pikel hits you with a +0 whip of electrocution.
The lemure hits you. The lemure hits you! The lemure hits you.
* * * LOW HITPOINT WARNING * * *
You hit Pikel but do no damage.
Pikel is severely wounded.
Pikel hits you with a +0 whip of electrocution.
* * * LOW HITPOINT WARNING * * *
The lemure closely misses you. The lemure barely misses you.
The lemure misses you.
You hit Pikel.
Pikel is severely wounded.
Pikel misses you. The lemure hits you.
You die...

#
########.#
........#
#..5...#
##
#K@5...+ .
#..5...#
#......#
#......#
#......#
##
##.......
..
###...##.
## ?..# #
#


You could see Pikel (extremely poisoned) and 3 lemures.

Vanquished Creatures
  3 ogres
  A lemure (D:6)
  A big kobold (Sewer)
  2 scorpions
  A bullfrog skeleton (D:5)
  4 hounds
  An orc wizard (D:4)
  4 orc priests
  An iguana (D:4)
  3 worker ants
  11 adders
  A shadow imp (D:6)
  2 oozes (D:2)
  4 worms
  4 dart slugs
  5 leopard geckos
  13 orcs
  4 ball pythons
  3 giant cockroaches
  5 goblins
  14 hobgoblins
  2 jackals (Sewer)
  2 quokkas (D:4)
  6 bats
  4 frilled lizards
  11 kobolds
  12 rats
124 creatures vanquished.

Notes
Turn   | Place    | Note
-------+----------+-------------------------------------------
     0 | D:1      | lastplaneout the Halfling Venom Mage began the quest for
                  | the Orb.
     0 | D:1      | Reached XP level 1. HP: 11/11 MP: 3/3
   157 | D:1      | Reached XP level 2. HP: 17/17 MP: 0/4
   685 | D:1      | Reached XP level 3. HP: 21/21 MP: 3/5
  1139 | D:2      | Learned a level 2 spell: Poisonous Vapours
  1228 | D:1      | Reached skill level 4 in Poison Magic
  1234 | D:1      | Reached skill level 1 in Transmutations
  1705 | D:2      | Reached XP level 4. HP: 20/27 MP: 6/6
  1709 | D:2      | Learned a level 3 spell: Ignite Poison
  1744 | D:2      | Found a hazy altar of Hepliaklqana.
  2167 | D:2      | Reached XP level 5. HP: 29/31 MP: 5/7
  2474 | D:3      | Reached skill level 5 in Poison Magic
  2760 | D:3      | Found a sparkling altar of Nemelex Xobeh.
  2982 | D:3      | Reached XP level 6. HP: 27/36 MP: 5/8
  3064 | D:3      | Found a bloodstained altar of Trog.
  3751 | D:4      | Noticed an ogre
  3814 | D:3      | Reached skill level 6 in Poison Magic
  3817 | D:3      | Killed an ogre
  3818 | D:3      | Reached XP level 7. HP: 22/41 MP: 4/9
  3996 | D:4      | Learned a level 3 spell: Mephitic Cloud
  4989 | D:4      | Reached XP level 8. HP: 46/46 MP: 7/10
  5309 | D:4      | Reached skill level 7 in Poison Magic
  5539 | D:5      | Entered Level 5 of the Dungeon
  5580 | D:5      | Found a glowing drain.
  5603 | Sewer    | Entered a sewer
  5804 | Sewer    | Found a white marble altar of Elyvilon.
  6119 | D:5      | Noticed Grinder
  6500 | D:5      | Noticed Pikel
  6527 | D:5      | Slain by a lemure

Illustrated notes

Levels and vault maps discovered:
D:1:      minmay_arrival_stone_box, layout_basic
D:2:      layout_basic, nzn_hepliaklqana_mist_gate
D:3:      layout_basic, lemuel_crystal_altar, nemelex_xobeh_ov_fountains_minmay
D:4:      cheibrodos_quashed, layout_cave_pods, minmay_tree_intersection,
          serial_park_tiny_1, minmay_vboxes
D:5:      layout_basic, cheibrodos_sewer_entry_drain,
          grunt_dithmenos_smoke_and_mirrors, uniq_grinder, uniq_prince_ribbit1,
          uniq_pikel
D:6:      layout_loops_ring, lemuel_round_altar

Skill      XL: |  1  2  3  4  5  6  7  8 |
---------------+-------------------------+-----
Poison Magic   | 4 5 6 7 |  7.6
Transmutations | 1 2 3 4 |  4.3
Short Blades   | |  0.1
Dodging        | |  2.1
Stealth        | |  2.1
Spellcasting   | |  1.5

Action                   |  1- 3 |  4- 6 |  7- 9 || total
-------------------------+-------+-------+-------++-------
Melee: Unarmed           |    16 |       |       ||    16
       Dagger            |    40 |   146 |   151 ||   337
 Cast: Sting             |    21 |    35 |    28 ||    84
  Use: Scroll            |       |     6 |     5 ||    11
       Potion            |       |     1 |     3 ||     4
 Stab: Sleeping          |       |       |     3 ||     3
Armor: Robe              |    13 |    18 |     8 ||    39
Dodge: Dodged            |    59 |   131 |   133 ||   323
